Capitals vs Avalanche
Created - November 26, 2022 at 21:59
Goals
|
| Capitals |
1 |
1 |
2 |
4 |
| Avalanche |
0 |
2 |
0 |
2 |
|
Shots
|
| Capitals |
9 |
13 |
10 |
32 |
| Avalanche |
4 |
14 |
12 |
30 |
|
1st period
1. Capitals , Blake Pietila 3 (Jason Spezza 5, Patrick Kane 7) at 9:48
Penalties :
Brian Ferlin (Was) for High sticking (Minor) at 4:13, Erik Karlsson (Col) for Holding Stick (Minor) at 15:12, Nikita Zaitsev (Was) for Hooking (Minor) at 19:15
2nd period
2. Avalanche , Charlie Coyle 7 (Unassisted) at 6:31
3. Capitals , Cody Hodgson 1 (Alexei Marchenko 2, Nikita Zaitsev 5) at 11:05 (SH)
4. Avalanche , Jack Johnson 2 (Bryan Little 14) at 11:09 (PP)
Penalties :
Patric Hornqvist (Col) for Hooking (Minor) at 6:37, Sergey Kalinin (Was) for Boarding (Minor) at 10:55, Patric Hornqvist (Col) for High sticking (Minor) at 14:04
3rd period
5. Capitals , Jason Spezza 4 (Blake Pietila 8) at 5:12
6. Capitals , Patrick Kane 6 (Eric Wellwood 4, Jared Spurgeon 1) at 14:09
Penalties :
Vincent Trocheck (Col) for Goalie Interference (Minor) at 16:28
Goalie Stats
Cory Schneider (Was), 28 saves from 30 shots - (0.933), W, 6-4-0, 60:00 minutes
Semyon Varlamov (Col), 28 saves from 32 shots - (0.875), L, 3-6-1, 60:00 minutes
Players Stats for Capitals
Player Name G A P +/- PIM S H SB GA TA FO MP PP MP PK MP
------------------------------------------------------------------------------------
Alexei Marchenko 0 1 1 2 0 0 1 1 1 2 0/0 22:25 3:24 2:55
Ben Hutton 0 0 0 2 0 1 2 0 1 1 0/0 14:38 0:00 1:30
Blake Pietila 1 1 2 1 0 3 2 0 0 0 0/0 17:52 3:23 1:18
Brian Ferlin 0 0 0 0 2 1 0 0 0 0 0/0 9:02 0:00 0:00
Cody Hodgson 1 0 1 2 0 4 2 0 0 2 11/30 21:22 4:30 0:24
Eric Wellwood 0 1 1 0 0 2 0 0 0 0 0/1 9:02 0:00 0:11
Jared Spurgeon 0 1 1 2 0 1 0 1 0 0 0/0 12:40 0:00 0:00
Jason Spezza 1 1 2 1 0 2 1 1 2 1 1/1 16:20 3:23 0:00
Jeff Skinner 0 0 0 0 0 3 1 0 0 1 0/0 9:22 0:00 0:00
Kevin Porter 0 0 0 0 0 0 1 0 0 0 0/1 8:50 0:03 0:00
Logan Couture 0 0 0 1 0 0 0 0 0 1 8/13 17:46 3:23 1:20
Mike Green 0 0 0 -1 0 2 1 1 0 1 0/0 24:55 4:32 1:17
Nail Yakupov 0 0 0 0 0 2 0 0 1 0 0/0 9:22 0:00 0:00
Nikita Zaitsev 0 1 1 2 2 3 0 2 0 0 0/0 20:40 3:24 1:25
Patrick Kane 1 1 2 2 0 3 2 0 1 0 2/3 23:44 4:33 2:43
PK Subban 0 0 0 -1 0 0 3 4 1 2 0/0 24:55 4:32 1:17
Sergey Kalinin 0 0 0 0 2 1 1 0 0 0 4/11 11:49 0:00 2:28
Taylor Hall 0 0 0 1 0 4 3 0 0 0 1/2 21:01 4:33 0:00
Players Stats for Avalanche
Player Name G A P +/- PIM S H SB GA TA FO MP PP MP PK MP
------------------------------------------------------------------------------------
Bryan Little 0 1 1 -2 0 5 1 0 2 1 18/35 20:42 2:35 1:08
Charlie Coyle 1 0 1 1 0 3 1 0 0 0 8/16 18:38 1:37 4:06
Colten Teubert 0 0 0 0 0 1 0 0 0 0 0/0 20:51 1:16 3:33
Daniel Carr 0 0 0 -1 0 1 2 1 1 1 0/0 11:43 0:00 1:35
Erik Karlsson 0 0 0 -1 2 2 0 0 2 0 0/0 22:09 2:56 2:21
Evgeny Dadonov 0 0 0 -1 0 2 1 1 1 0 1/1 13:40 0:00 2:50
Jack Johnson 1 0 1 -3 0 4 1 2 1 2 0/0 27:10 2:56 4:23
James Van Riemsdyk 0 0 0 1 0 0 2 0 0 0 0/0 14:32 1:37 0:00
Kyle Turris 0 0 0 -1 0 0 0 0 0 0 2/3 9:34 0:00 1:57
Luke Witkowski 0 0 0 -1 0 0 0 0 0 0 1/2 11:11 0:00 4:16
Marc Staal 0 0 0 -1 0 0 0 3 0 0 0/0 25:25 1:16 4:23
Mattias Ekholm 0 0 0 -1 0 0 2 1 0 0 0/0 12:08 0:00 0:52
Mikkel Boedker 0 0 0 -2 0 4 2 1 2 0 2/2 19:39 2:35 0:00
Patric Hornqvist 0 0 0 -2 4 3 1 0 1 1 0/0 19:41 2:35 0:00
Pavel Buchnevich 0 0 0 1 0 4 2 1 1 0 0/0 14:56 1:37 0:00
Stefan Elliott 0 0 0 -1 0 1 1 1 0 0 0/0 12:18 0:00 0:20
Tomas Tatar 0 0 0 -1 0 0 0 0 0 1 1/1 6:52 0:00 0:00
Vincent Trocheck 0 0 0 -1 2 0 0 0 0 1 2/2 10:50 0:00 0:00
3 Stars
1 - Patrick Kane (Was)
2 - Blake Pietila (Was)
3 - Jason Spezza (Was)
Power Play
Capitals - 0 on 4 Attempt(s) - 0.00%
Avalanche - 1 on 3 Attempt(s) - 33.33%
Penalty Kill
Capitals - 2 on 3 Attempt(s) - 66.67%
- Score 1 goal in Penalty Kill
Avalanche - 4 on 4 Attempt(s) - 100.00%
- Score 0 goal in Penalty Kill
Team Stat
Capitals - Hits : 20 - Faceoff Wins : 27 - Blocked Shots : 10 - Penalty Minutes : 6
Avalanche - Hits : 16 - Faceoff Wins : 35 - Blocked Shots : 11 - Penalty Minutes : 8
Official
Referees : Gord Dwyer and Tim Peel
Linesman : Steve Barton and Jesse Marquis
Game Notes
6:31 of 2nd period - Penalty Shot by Charlie Coyle for Avalanche - Goal!
Finance
Level 1 -- Attendance: 5457 (90.95%) -- Ticket Income $545,700
Level 2 -- Attendance: 5000 (100.00%) -- Ticket Income $300,000
Level 3 -- Attendance: 1986 (99.30%) -- Ticket Income $69,510
Level 4 -- Attendance: 4000 (100.00%) -- Ticket Income $100,000
Luxury Box -- Attendance: 1000 (100.00%) -- Ticket Income $200,000
Game was played at the Pepsi Center.
Total Attendance: 17443 (96.91%)
Total Ticket Income: $1,215,210
Other Income: $182,282
Total Income: $1,397,492
Capitals
5 vs 5 Forward
Center Left Wing Right Wing Time % Phy DF OF
1 Cody Hodgson Taylor Hall Patrick Kane 35 0 0 5
2 Logan Couture Blake Pietila Jason Spezza 30 0 1 4
3 Sergey Kalinin Jeff Skinner Nail Yakupov 20 0 1 4
4 Kevin Porter Eric Wellwood Brian Ferlin 15 0 2 3
5 vs 5 Defense
Defense Defense Time % Phy DF OF
1 PK Subban Mike Green 33 0 3 2
2 Alexei Marchenko Nikita Zaitsev 32 0 3 2
3 Jared Spurgeon Ben Hutton 20 0 5 0
4 Mike Green PK Subban 15 0 3 2
PowerPlay Forward
Center Left Wing Right Wing Time % Phy DF OF
1 Cody Hodgson Taylor Hall Patrick Kane 55 0 0 5
2 Logan Couture Blake Pietila Jason Spezza 45 0 0 5
PowerPlay Defense
Defense Defense Time % Phy DF OF
1 PK Subban Mike Green 60 0 2 3
2 Alexei Marchenko Nikita Zaitsev 40 0 2 3
Penalty Kill 4 Players Forward
Center Wing Time % Phy DF OF
1 Sergey Kalinin Patrick Kane 55 0 4 1
2 Logan Couture Blake Pietila 45 0 4 1
Penalty Kill 4 Players Defense
Defense Defense Time % Phy DF OF
1 Nikita Zaitsev Alexei Marchenko 60 0 4 1
2 Mike Green PK Subban 40 0 4 1
Penalty Kill - 3 Players Forward
Forward Time % Phy DF OF
1 Patrick Kane 60 0 5 0
2 Sergey Kalinin 40 0 5 0
Penalty Kill - 3 Players Defense
Defense Defense Time % Phy DF OF
1 Alexei Marchenko Nikita Zaitsev 60 0 5 0
2 PK Subban Mike Green 40 0 5 0
4 vs 4 Forward
Center Wing Time % Phy DF OF
1 Cody Hodgson Patrick Kane 60 0 1 4
2 Logan Couture Taylor Hall 40 0 1 4
4 vs 4 Defense
Defense Defense Time % Phy DF OF
1 Mike Green PK Subban 60 0 2 3
2 Alexei Marchenko Nikita Zaitsev 40 0 2 3
Last Minutes Offensive
Center Left Wing Right Wing Defense Defense
Cody Hodgson Taylor Hall Patrick Kane Mike Green PK Subban
Last Minutes Defensive
Center Left Wing Right Wing Defense Defense
Sergey Kalinin Blake Pietila Patrick Kane Alexei Marchenko Nikita Zaitsev
Goaltenders
Starting : Cory Schneider
Backup : Chet Pickard
Extra Forwards
Normal : Patrick Kane, Taylor Hall, Jason Spezza - PP : Patrick Kane, Taylor Hall - PK : Patrick Kane
Extra Defensemen
Normal : Nikita Zaitsev, Alexei Marchenko, PK Subban - PP : PK Subban - PK : Alexei Marchenko, Nikita Zaitsev
Penalty Shots
Cody Hodgson, Taylor Hall, Patrick Kane, Nail Yakupov, Jason Spezza
Scratches
Brad Richardson (Chest/Ribs Injury), Dmitrij Jaskin (Healthy)
Avalanche
5 vs 5 Forward
Center Left Wing Right Wing Time % Phy DF OF
1 Bryan Little Mikkel Boedker Patric Hornqvist 40 1 2 2
2 Charlie Coyle James Van Riemsdyk Pavel Buchnevich 30 1 2 2
3 Vincent Trocheck Daniel Carr Evgeny Dadonov 20 1 2 2
4 Kyle Turris Tomas Tatar Luke Witkowski 10 1 2 2
5 vs 5 Defense
Defense Defense Time % Phy DF OF
1 Jack Johnson Marc Staal 40 1 2 2
2 Erik Karlsson Colten Teubert 35 1 2 2
3 Stefan Elliott Mattias Ekholm 25 1 2 2
4 Marc Staal Jack Johnson 0 1 2 2
PowerPlay Forward
Center Left Wing Right Wing Time % Phy DF OF
1 Bryan Little Mikkel Boedker Patric Hornqvist 60 1 2 2
2 Charlie Coyle James Van Riemsdyk Pavel Buchnevich 40 1 2 2
PowerPlay Defense
Defense Defense Time % Phy DF OF
1 Jack Johnson Erik Karlsson 60 1 2 2
2 Marc Staal Colten Teubert 40 1 2 2
Penalty Kill 4 Players Forward
Center Wing Time % Phy DF OF
1 Charlie Coyle Luke Witkowski 60 1 2 2
2 Kyle Turris Evgeny Dadonov 40 1 2 2
Penalty Kill 4 Players Defense
Defense Defense Time % Phy DF OF
1 Jack Johnson Marc Staal 60 1 2 2
2 Erik Karlsson Colten Teubert 40 1 2 2
Penalty Kill - 3 Players Forward
Forward Time % Phy DF OF
1 Mikkel Boedker 60 1 2 2
2 Bryan Little 40 1 2 2
Penalty Kill - 3 Players Defense
Defense Defense Time % Phy DF OF
1 Jack Johnson Marc Staal 60 1 2 2
2 Erik Karlsson Colten Teubert 40 1 2 2
4 vs 4 Forward
Center Wing Time % Phy DF OF
1 Mikkel Boedker Bryan Little 60 1 2 2
2 Patric Hornqvist Charlie Coyle 40 1 2 2
4 vs 4 Defense
Defense Defense Time % Phy DF OF
1 Jack Johnson Marc Staal 60 1 2 2
2 Erik Karlsson Colten Teubert 40 1 2 2
Last Minutes Offensive
Center Left Wing Right Wing Defense Defense
Bryan Little Mikkel Boedker Patric Hornqvist Jack Johnson Marc Staal
Last Minutes Defensive
Center Left Wing Right Wing Defense Defense
Bryan Little Mikkel Boedker Patric Hornqvist Jack Johnson Marc Staal
Goaltenders
Starting : Semyon Varlamov
Backup : Marek Mazanek
Extra Forwards
Normal : Vincent Trocheck, Pavel Buchnevich, Evgeny Dadonov - PP : Vincent Trocheck, Pavel Buchnevich - PK : Evgeny Dadonov
Extra Defensemen
Normal : Jack Johnson, Mattias Ekholm, Stefan Elliott - PP : Jack Johnson - PK : Mattias Ekholm, Stefan Elliott
Penalty Shots
Mikkel Boedker, Bryan Little, Patric Hornqvist, Charlie Coyle, Luke Witkowski
Scratches
Joel Edmundson (Healthy)
% Time on Ice - Capitals
Lines # - Real PCT - Wanted PCT - Time Play
Normal Forward
1 - 35% - 35% - 16:40
2 - 27% - 30% - 13:03
3 - 20% - 20% - 9:22
4 - 18% - 15% - 8:47
Normal Defense
1 - 31% - 33% - 14:55
2 - 33% - 32% - 15:34
3 - 26% - 20% - 12:40
4 - 10% - 15% - 4:43
PP Forward
1 - 57% - 55% - 4:33
2 - 43% - 45% - 3:23
PP Defense
1 - 57% - 60% - 4:32
2 - 43% - 40% - 3:24
PK Forward
1 - 68% - 55% - 2:52
2 - 32% - 45% - 1:20
PK Defense
1 - 69% - 60% - 2:55
2 - 31% - 40% - 1:17
PK3 Forward
1 - 0% - 60%
2 - 0% - 40%
PK3 Defense
1 - 0% - 60%
2 - 0% - 40%
44 Forward
1 - 0% - 60%
2 - 0% - 40%
44 Defense
1 - 0% - 60%
2 - 0% - 40%
Last Minute Offensive - 0:00
Last Minute Defensive - 0:00
Total
Forward - 60:00
Defense - 60:00
|
% Time on Ice - Avalanche
Lines # - Real PCT - Wanted PCT - Time Play
Normal Forward
1 - 36% - 40% - 17:15
2 - 29% - 30% - 13:40
3 - 21% - 20% - 10:05
4 - 14% - 10% - 6:52
Normal Defense
1 - 41% - 40% - 19:31
2 - 36% - 35% - 17:08
3 - 23% - 25% - 11:13
4 - 0% - 0% - 0:00
PP Forward
1 - 62% - 60% - 2:35
2 - 38% - 40% - 1:37
PP Defense
1 - 70% - 60% - 2:56
2 - 30% - 40% - 1:16
PK Forward
1 - 75% - 60% - 5:59
2 - 25% - 40% - 1:57
PK Defense
1 - 55% - 60% - 4:23
2 - 45% - 40% - 3:33
PK3 Forward
1 - 0% - 60%
2 - 0% - 40%
PK3 Defense
1 - 0% - 60%
2 - 0% - 40%
44 Forward
1 - 0% - 60%
2 - 0% - 40%
44 Defense
1 - 0% - 60%
2 - 0% - 40%
Last Minute Offensive - 0:00
Last Minute Defensive - 0:00
Total
Forward - 60:00
Defense - 60:00
|
Play-by-Play
1st period
0:01 of 1st period - Cody Hodgson wins face-off versus Bryan Little in neutral zone.
0:10 of 1st period - Slapshot by Patrick Kane.
0:10 of 1st period - Shot Misses the Net.
0:12 of 1st period - Slapshot by PK Subban.
0:12 of 1st period - Deflect By Patrick Kane.
0:12 of 1st period - Shot Misses the Net.
0:12 of 1st period - Puck is out of play.
0:13 of 1st period - Logan Couture wins face-off versus Charlie Coyle in Avalanche zone.
0:44 of 1st period - Snap shot by Jeff Skinner.
0:44 of 1st period - Shot Misses the Net.
1:10 of 1st period - Wrist shot by Brian Ferlin.
1:10 of 1st period - Shot Misses the Net.
1:20 of 1st period - Luke Witkowski is hit by Ben Hutton and loses puck.
1:25 of 1st period - Snap shot by Taylor Hall.
1:25 of 1st period - Stopped by Semyon Varlamov with a rebound.
1:27 of 1st period - Snap shot by Cody Hodgson.
1:27 of 1st period - Stopped by Semyon Varlamov without a rebound.
1:28 of 1st period - Jason Spezza wins face-off versus Charlie Coyle in Avalanche zone.
1:53 of 1st period - Mike Green is hit by Mikkel Boedker.
2:13 of 1st period - Wrist shot by Sergey Kalinin.
2:13 of 1st period - Stopped by Semyon Varlamov with a rebound.
2:21 of 1st period - Snap shot by Jeff Skinner.
2:21 of 1st period - Deflect By Marc Staal.
2:21 of 1st period - Stopped by Semyon Varlamov with a rebound.
2:59 of 1st period - Jared Spurgeon is hit by Stefan Elliott and loses puck.
3:24 of 1st period - Slapshot by Blake Pietila.
3:24 of 1st period - Shot Misses the Net.
3:26 of 1st period - Snap shot by Ben Hutton.
3:26 of 1st period - Stopped by Semyon Varlamov with a rebound.
3:48 of 1st period - Snap shot by Evgeny Dadonov.
3:48 of 1st period - Shot Blocked by PK Subban.
4:13 of 1st period - Minor Penalty to Brian Ferlin for High sticking.
4:14 of 1st period - Bryan Little wins face-off versus Sergey Kalinin in Capitals zone.
4:29 of 1st period - Snap shot by Mikkel Boedker.
4:29 of 1st period - Stopped by Cory Schneider with a rebound.
4:31 of 1st period - Snap shot by Bryan Little.
4:31 of 1st period - Stopped by Cory Schneider with a rebound.
6:13 of 1st period - Penalty to Brian Ferlin is over, Brian Ferlin is back on ice.
6:32 of 1st period - Patrick Kane is hit by Evgeny Dadonov and loses puck.
7:30 of 1st period - Mike Green is hit by Pavel Buchnevich and loses puck.
8:01 of 1st period - Charlie Coyle is hit by Blake Pietila and loses puck.
8:31 of 1st period - Wrist shot by Vincent Trocheck.
8:31 of 1st period - Shot Misses the Net.
9:32 of 1st period - Icing by Taylor Hall.
9:33 of 1st period - Taylor Hall wins face-off versus Kyle Turris in Capitals zone.
9:48 of 1st period - Wrist shot by Blake Pietila.
9:48 of 1st period - Goal by Blake Pietila - Capitals : 1 - Avalanche : 0.
9:49 of 1st period - Cody Hodgson wins face-off versus Bryan Little in neutral zone.
10:02 of 1st period - Mikkel Boedker is hit by Patrick Kane and loses puck.
10:17 of 1st period - Icing by Pavel Buchnevich.
10:18 of 1st period - Charlie Coyle wins face-off versus Logan Couture in Avalanche zone.
10:42 of 1st period - Colten Teubert is hit by PK Subban and loses puck.
11:10 of 1st period - Snap shot by Blake Pietila.
11:10 of 1st period - Stopped by Semyon Varlamov without a rebound.
11:11 of 1st period - Bryan Little wins face-off versus Cody Hodgson in Avalanche zone.
11:46 of 1st period - Snap shot by Jeff Skinner.
11:46 of 1st period - Shot Misses the Net.
12:42 of 1st period - Snap shot by Sergey Kalinin.
12:42 of 1st period - Shot Blocked by Mattias Ekholm.
12:53 of 1st period - Icing by Stefan Elliott.
12:54 of 1st period - Logan Couture wins face-off versus Charlie Coyle in Avalanche zone.
13:07 of 1st period - Backhand shot by Logan Couture.
13:07 of 1st period - Shot Blocked by Pavel Buchnevich.
13:13 of 1st period - Jason Spezza is hit by Mattias Ekholm.
14:09 of 1st period - Wrist shot by Kevin Porter.
14:09 of 1st period - Shot Misses the Net.
14:11 of 1st period - Snap shot by PK Subban.
14:11 of 1st period - Shot Blocked by Marc Staal.
14:51 of 1st period - Wrist shot by Cody Hodgson.
14:51 of 1st period - Stopped by Semyon Varlamov with a rebound.
15:12 of 1st period - Minor Penalty to Erik Karlsson for Holding Stick.
15:13 of 1st period - Patrick Kane wins face-off versus Charlie Coyle in Avalanche zone.
15:13 of 1st period - Snap shot by Cody Hodgson.
15:13 of 1st period - Stopped by Semyon Varlamov without a rebound.
15:14 of 1st period - Cody Hodgson wins face-off versus Charlie Coyle in Avalanche zone.
17:12 of 1st period - Penalty to Erik Karlsson is over, Erik Karlsson is back on ice.
17:36 of 1st period - Stefan Elliott is hit by Alexei Marchenko and loses puck.
18:01 of 1st period - Slapshot by Kyle Turris.
18:01 of 1st period - Shot Blocked by Jared Spurgeon.
18:03 of 1st period - Wrist shot by Erik Karlsson.
18:03 of 1st period - Stopped by Cory Schneider with a rebound.
18:05 of 1st period - Slapshot by Erik Karlsson.
18:05 of 1st period - Stopped by Cory Schneider with a rebound.
18:17 of 1st period - Ben Hutton is hit by Patric Hornqvist and loses puck.
19:15 of 1st period - Minor Penalty to Nikita Zaitsev for Hooking.
19:16 of 1st period - Sergey Kalinin wins face-off versus Bryan Little in Capitals zone.
19:27 of 1st period - Off-side.
19:28 of 1st period - Bryan Little wins face-off versus Sergey Kalinin in neutral zone.
Goals for this period are 1 for Capitals vs 0 for Avalanche.
Shots for this period are 9 for Capitals vs 4 for Avalanche.
2nd period
0:01 of 2nd period - Sergey Kalinin wins face-off versus Bryan Little in neutral zone.
0:29 of 2nd period - Snap shot by James Van Riemsdyk.
0:29 of 2nd period - Shot Misses the Net.
0:31 of 2nd period - Snap shot by Charlie Coyle.
0:31 of 2nd period - Stopped by Cory Schneider without a rebound.
0:32 of 2nd period - Charlie Coyle wins face-off versus Sergey Kalinin in Capitals zone.
0:43 of 2nd period - Snap shot by Pavel Buchnevich.
0:43 of 2nd period - Stopped by Cory Schneider without a rebound.
0:44 of 2nd period - Bryan Little wins face-off versus Sergey Kalinin in Capitals zone.
1:15 of 2nd period - Penalty to Nikita Zaitsev is over, Nikita Zaitsev is back on ice.
1:42 of 2nd period - Snap shot by Brian Ferlin.
1:42 of 2nd period - Stopped by Semyon Varlamov without a rebound.
1:43 of 2nd period - Cody Hodgson wins face-off versus Bryan Little in Avalanche zone.
2:10 of 2nd period - James Van Riemsdyk is hit by Jason Spezza and loses puck.
2:19 of 2nd period - Slapshot by Pavel Buchnevich.
2:19 of 2nd period - Stopped by Cory Schneider with a rebound.
2:39 of 2nd period - Snap shot by Sergey Kalinin.
2:39 of 2nd period - Shot Misses the Net.
2:41 of 2nd period - Slapshot by Mike Green.
2:41 of 2nd period - Stopped by Semyon Varlamov without a rebound.
2:42 of 2nd period - Bryan Little wins face-off versus Cody Hodgson in Avalanche zone.
4:36 of 2nd period - Off-side.
4:37 of 2nd period - Bryan Little wins face-off versus Cody Hodgson in neutral zone.
4:42 of 2nd period - Snap shot by Mikkel Boedker.
4:42 of 2nd period - Deflect By Bryan Little.
4:42 of 2nd period - Stopped by Cory Schneider without a rebound.
4:43 of 2nd period - Cody Hodgson wins face-off versus Bryan Little in Capitals zone.
5:40 of 2nd period - Wrist shot by Kevin Porter.
5:40 of 2nd period - Shot Misses the Net.
5:42 of 2nd period - Slapshot by Nikita Zaitsev.
5:42 of 2nd period - Stopped by Semyon Varlamov without a rebound.
5:43 of 2nd period - Cody Hodgson wins face-off versus Bryan Little in Avalanche zone.
5:46 of 2nd period - Snap shot by Taylor Hall.
5:46 of 2nd period - Shot Misses the Net.
5:56 of 2nd period - Wrist shot by Bryan Little.
5:56 of 2nd period - Stopped by Cory Schneider without a rebound.
5:57 of 2nd period - Mikkel Boedker wins face-off versus Cody Hodgson in Capitals zone.
6:31 of 2nd period - Penalty Shot by Charlie Coyle for Avalanche.
6:31 of 2nd period - Deke by Charlie Coyle.
6:31 of 2nd period - Goal by Charlie Coyle - Capitals : 1 - Avalanche : 1.
6:32 of 2nd period - Cody Hodgson wins face-off versus Bryan Little in neutral zone.
6:33 of 2nd period - Bryan Little wins face-off versus Cody Hodgson in Avalanche zone.
6:33 of 2nd period - Bryan Little is hit by Taylor Hall.
6:37 of 2nd period - Minor Penalty to Patric Hornqvist for Hooking.
6:38 of 2nd period - Cody Hodgson wins face-off versus Luke Witkowski in Avalanche zone.
6:54 of 2nd period - Marc Staal is hit by PK Subban and loses puck.
8:37 of 2nd period - Penalty to Patric Hornqvist is over, Patric Hornqvist is back on ice.
8:40 of 2nd period - Slapshot by Nail Yakupov.
8:40 of 2nd period - Stopped by Semyon Varlamov without a rebound.
8:41 of 2nd period - Sergey Kalinin wins face-off versus Bryan Little in Avalanche zone.
8:54 of 2nd period - Snap shot by Jeff Skinner.
8:54 of 2nd period - Shot Misses the Net.
8:56 of 2nd period - Wrist shot by Jeff Skinner.
8:56 of 2nd period - Stopped by Semyon Varlamov without a rebound.
8:57 of 2nd period - Logan Couture wins face-off versus Charlie Coyle in Avalanche zone.
9:24 of 2nd period - Marc Staal is hit by Cody Hodgson and loses puck.
9:33 of 2nd period - Wrist shot by Taylor Hall.
9:33 of 2nd period - Deflect By Patrick Kane.
9:33 of 2nd period - Shot Misses the Net.
9:33 of 2nd period - Puck is out of play.
9:34 of 2nd period - Charlie Coyle wins face-off versus Cody Hodgson in Avalanche zone.
9:45 of 2nd period - Wrist shot by Pavel Buchnevich.
9:45 of 2nd period - Stopped by Cory Schneider without a rebound.
9:46 of 2nd period - Bryan Little wins face-off versus Cody Hodgson in Capitals zone.
10:12 of 2nd period - Blake Pietila is hit by James Van Riemsdyk and loses puck.
10:55 of 2nd period - Minor Penalty to Sergey Kalinin for Boarding.
10:56 of 2nd period - Patrick Kane wins face-off versus Bryan Little in Capitals zone.
11:05 of 2nd period - Slapshot by Alexei Marchenko.
11:05 of 2nd period - Deflect By Cody Hodgson.
11:05 of 2nd period - Goal by Cody Hodgson - Capitals : 2 - Avalanche : 1.
11:06 of 2nd period - Bryan Little wins face-off versus Cody Hodgson in neutral zone.
11:09 of 2nd period - Slapshot by Jack Johnson.
11:09 of 2nd period - Goal by Jack Johnson - Capitals : 2 - Avalanche : 2.
11:10 of 2nd period - Bryan Little wins face-off versus Patrick Kane in neutral zone.
11:19 of 2nd period - Patric Hornqvist is hit by Taylor Hall and loses puck.
12:15 of 2nd period - Brian Ferlin is hit by James Van Riemsdyk and loses puck.
12:49 of 2nd period - Snap shot by Charlie Coyle.
12:49 of 2nd period - Stopped by Cory Schneider with a rebound.
13:03 of 2nd period - Snap shot by Eric Wellwood.
13:03 of 2nd period - Stopped by Semyon Varlamov without a rebound.
13:04 of 2nd period - Bryan Little wins face-off versus Cody Hodgson in Avalanche zone.
13:15 of 2nd period - Backhand shot by Taylor Hall.
13:15 of 2nd period - Stopped by Semyon Varlamov with a rebound.
13:17 of 2nd period - Slapshot by Mike Green.
13:17 of 2nd period - Stopped by Semyon Varlamov with a rebound.
13:19 of 2nd period - Wrist shot by Patrick Kane.
13:19 of 2nd period - Shot Misses the Net.
13:21 of 2nd period - Wrist shot by Patrick Kane.
13:21 of 2nd period - Shot Misses the Net.
13:31 of 2nd period - Logan Couture is hit by Daniel Carr and loses puck.
13:40 of 2nd period - Wrist shot by Evgeny Dadonov.
13:40 of 2nd period - Stopped by Cory Schneider with a rebound.
13:42 of 2nd period - Wrist shot by Stefan Elliott.
13:42 of 2nd period - Stopped by Cory Schneider with a rebound.
13:49 of 2nd period - Icing by Mike Green.
13:50 of 2nd period - Tomas Tatar wins face-off versus Logan Couture in Capitals zone.
14:04 of 2nd period - Minor Penalty to Patric Hornqvist for High sticking.
14:05 of 2nd period - Charlie Coyle wins face-off versus Taylor Hall in Avalanche zone.
14:40 of 2nd period - Evgeny Dadonov is hit by Mike Green and loses puck.
16:04 of 2nd period - Penalty to Patric Hornqvist is over, Patric Hornqvist is back on ice.
16:11 of 2nd period - Backhand shot by Jack Johnson.
16:11 of 2nd period - Stopped by Cory Schneider without a rebound.
16:12 of 2nd period - Sergey Kalinin wins face-off versus Bryan Little in Capitals zone.
16:17 of 2nd period - Snap shot by Sergey Kalinin.
16:17 of 2nd period - Shot Blocked by Mikkel Boedker.
16:19 of 2nd period - Slapshot by Sergey Kalinin.
16:19 of 2nd period - Shot Blocked by Stefan Elliott.
16:21 of 2nd period - Slapshot by Jared Spurgeon.
16:21 of 2nd period - Stopped by Semyon Varlamov without a rebound.
16:22 of 2nd period - Bryan Little wins face-off versus Sergey Kalinin in Avalanche zone.
16:43 of 2nd period - Snap shot by Jeff Skinner.
16:43 of 2nd period - Stopped by Semyon Varlamov without a rebound.
16:44 of 2nd period - Charlie Coyle wins face-off versus Cody Hodgson in Avalanche zone.
17:19 of 2nd period - Off-side.
17:20 of 2nd period - Bryan Little wins face-off versus Logan Couture in neutral zone.
17:24 of 2nd period - Off-side.
17:25 of 2nd period - Logan Couture wins face-off versus Bryan Little in neutral zone.
17:28 of 2nd period - Wrist shot by Blake Pietila.
17:28 of 2nd period - Stopped by Semyon Varlamov without a rebound.
17:29 of 2nd period - Bryan Little wins face-off versus Logan Couture in Avalanche zone.
17:38 of 2nd period - Alexei Marchenko is hit by Bryan Little and loses puck.
17:45 of 2nd period - Wrist shot by Bryan Little.
17:45 of 2nd period - Shot Misses the Net.
17:47 of 2nd period - Wrist shot by Colten Teubert.
17:47 of 2nd period - Shot Blocked by Nikita Zaitsev.
18:01 of 2nd period - Wrist shot by Mikkel Boedker.
18:01 of 2nd period - Shot Blocked by Nikita Zaitsev.
18:11 of 2nd period - Snap shot by Bryan Little.
18:11 of 2nd period - Shot Blocked by Jason Spezza.
18:13 of 2nd period - Snap shot by Mikkel Boedker.
18:13 of 2nd period - Shot Blocked by Alexei Marchenko.
18:15 of 2nd period - Wrist shot by Mikkel Boedker.
18:15 of 2nd period - Shot Misses the Net.
18:37 of 2nd period - Wrist shot by Patric Hornqvist.
18:37 of 2nd period - Deflect By Mikkel Boedker.
18:37 of 2nd period - Stopped by Cory Schneider with a rebound.
18:41 of 2nd period - Wrist shot by Patric Hornqvist.
18:41 of 2nd period - Stopped by Cory Schneider with a rebound.
18:43 of 2nd period - Slapshot by Patric Hornqvist.
18:43 of 2nd period - Stopped by Cory Schneider without a rebound.
18:44 of 2nd period - Cody Hodgson wins face-off versus Charlie Coyle in Capitals zone.
19:49 of 2nd period - Slapshot by Taylor Hall.
19:49 of 2nd period - Stopped by Semyon Varlamov with a rebound.
19:51 of 2nd period - Wrist shot by Patrick Kane.
19:51 of 2nd period - Shot Misses the Net.
Goals for this period are 1 for Capitals vs 2 for Avalanche.
Shots for this period are 13 for Capitals vs 14 for Avalanche.
3rd period
0:01 of 3rd period - Bryan Little wins face-off versus Cody Hodgson in neutral zone.
0:16 of 3rd period - Wrist shot by Mikkel Boedker.
0:16 of 3rd period - Stopped by Cory Schneider with a rebound.
0:26 of 3rd period - James Van Riemsdyk is hit by Blake Pietila.
1:00 of 3rd period - Erik Karlsson is hit by Sergey Kalinin and loses puck.
1:13 of 3rd period - Slapshot by Erik Karlsson.
1:13 of 3rd period - Shot Misses the Net.
1:23 of 3rd period - Snap shot by Bryan Little.
1:23 of 3rd period - Shot Misses the Net.
1:36 of 3rd period - Jared Spurgeon is hit by Jack Johnson and loses puck.
2:45 of 3rd period - Slapshot by Eric Wellwood.
2:45 of 3rd period - Stopped by Semyon Varlamov without a rebound.
2:46 of 3rd period - Bryan Little wins face-off versus Cody Hodgson in Avalanche zone.
3:41 of 3rd period - Erik Karlsson is hit by Jeff Skinner and loses puck.
4:19 of 3rd period - Marc Staal is hit by Taylor Hall and loses puck.
5:00 of 3rd period - Pavel Buchnevich is hit by Patrick Kane.
5:12 of 3rd period - Snap shot by Jason Spezza.
5:12 of 3rd period - Goal by Jason Spezza - Capitals : 3 - Avalanche : 2.
5:13 of 3rd period - Logan Couture wins face-off versus Bryan Little in neutral zone.
5:24 of 3rd period - Wrist shot by Jason Spezza.
5:24 of 3rd period - Stopped by Semyon Varlamov with a rebound.
5:32 of 3rd period - PK Subban is hit by Mikkel Boedker and loses puck.
5:54 of 3rd period - Snap shot by Pavel Buchnevich.
5:54 of 3rd period - Stopped by Cory Schneider without a rebound.
5:55 of 3rd period - Evgeny Dadonov wins face-off versus Cody Hodgson in Capitals zone.
5:58 of 3rd period - Snap shot by Daniel Carr.
5:58 of 3rd period - Stopped by Cory Schneider without a rebound.
5:59 of 3rd period - Vincent Trocheck wins face-off versus Cody Hodgson in Capitals zone.
6:00 of 3rd period - Wrist shot by Evgeny Dadonov.
6:00 of 3rd period - Stopped by Cory Schneider with a rebound.
6:12 of 3rd period - Snap shot by Patrick Kane.
6:12 of 3rd period - Shot Misses the Net.
6:26 of 3rd period - Slapshot by Taylor Hall.
6:26 of 3rd period - Shot Blocked by Evgeny Dadonov.
6:28 of 3rd period - Slapshot by Nikita Zaitsev.
6:28 of 3rd period - Stopped by Semyon Varlamov with a rebound.
7:27 of 3rd period - Wrist shot by Patrick Kane.
7:27 of 3rd period - Shot Blocked by Daniel Carr.
7:29 of 3rd period - Slapshot by Nikita Zaitsev.
7:29 of 3rd period - Stopped by Semyon Varlamov with a rebound.
7:31 of 3rd period - Wrist shot by Nikita Zaitsev.
7:31 of 3rd period - Shot Misses the Net.
7:33 of 3rd period - Wrist shot by Patrick Kane.
7:33 of 3rd period - Shot Misses the Net.
7:35 of 3rd period - Wrist shot by Taylor Hall.
7:35 of 3rd period - Shot Blocked by Jack Johnson.
7:39 of 3rd period - Snap shot by Cody Hodgson.
7:39 of 3rd period - Shot Misses the Net.
7:41 of 3rd period - Wrist shot by Nikita Zaitsev.
7:41 of 3rd period - Shot Blocked by Marc Staal.
8:11 of 3rd period - Slapshot by Patrick Kane.
8:11 of 3rd period - Stopped by Semyon Varlamov without a rebound.
8:12 of 3rd period - Logan Couture wins face-off versus Bryan Little in Avalanche zone.
8:21 of 3rd period - Wrist shot by Patric Hornqvist.
8:21 of 3rd period - Shot Misses the Net.
8:39 of 3rd period - Mike Green is hit by Charlie Coyle and loses puck.
9:55 of 3rd period - Wrist shot by Jeff Skinner.
9:55 of 3rd period - Deflect By Nail Yakupov.
9:55 of 3rd period - Stopped by Semyon Varlamov with a rebound.
10:18 of 3rd period - Off-side.
10:19 of 3rd period - Kyle Turris wins face-off versus Kevin Porter in neutral zone.
10:26 of 3rd period - Wrist shot by Tomas Tatar.
10:26 of 3rd period - Shot Misses the Net.
10:32 of 3rd period - Stefan Elliott is hit by Kevin Porter and loses puck.
11:22 of 3rd period - Off-side.
11:23 of 3rd period - Kyle Turris wins face-off versus Eric Wellwood in neutral zone.
11:31 of 3rd period - Off-side.
11:32 of 3rd period - Bryan Little wins face-off versus Cody Hodgson in neutral zone.
11:35 of 3rd period - Slapshot by Taylor Hall.
11:35 of 3rd period - Stopped by Semyon Varlamov with a rebound.
11:37 of 3rd period - Slapshot by Taylor Hall.
11:37 of 3rd period - Shot Misses the Net.
12:22 of 3rd period - Vincent Trocheck is hit by PK Subban and loses puck.
13:01 of 3rd period - Taylor Hall is hit by Mattias Ekholm and loses puck.
13:10 of 3rd period - Mattias Ekholm is hit by Ben Hutton and loses puck.
13:56 of 3rd period - Eric Wellwood is hit by Daniel Carr and loses puck.
14:07 of 3rd period - Snap shot by Patrick Kane.
14:07 of 3rd period - Shot Blocked by Jack Johnson.
14:09 of 3rd period - Snap shot by Patrick Kane.
14:09 of 3rd period - Goal by Patrick Kane - Capitals : 4 - Avalanche : 2.
14:10 of 3rd period - Cody Hodgson wins face-off versus Bryan Little in neutral zone.
14:21 of 3rd period - Snap shot by Patrick Kane.
14:21 of 3rd period - Stopped by Semyon Varlamov without a rebound.
14:22 of 3rd period - Logan Couture wins face-off versus Bryan Little in Avalanche zone.
14:29 of 3rd period - Wrist shot by Patric Hornqvist.
14:29 of 3rd period - Stopped by Cory Schneider with a rebound.
14:31 of 3rd period - Snap shot by Bryan Little.
14:31 of 3rd period - Deflect By Patric Hornqvist.
14:31 of 3rd period - Shot Blocked by PK Subban.
14:31 of 3rd period - Puck is out of play.
14:32 of 3rd period - Logan Couture wins face-off versus Bryan Little in Capitals zone.
14:37 of 3rd period - Slapshot by Bryan Little.
14:37 of 3rd period - Stopped by Cory Schneider with a rebound.
14:39 of 3rd period - Slapshot by Jack Johnson.
14:39 of 3rd period - Stopped by Cory Schneider with a rebound.
14:45 of 3rd period - Wrist shot by Bryan Little.
14:45 of 3rd period - Shot Blocked by PK Subban.
14:47 of 3rd period - Slapshot by Patric Hornqvist.
14:47 of 3rd period - Shot Misses the Net.
14:49 of 3rd period - Slapshot by Jack Johnson.
14:49 of 3rd period - Deflect By Bryan Little.
14:49 of 3rd period - Stopped by Cory Schneider without a rebound.
14:50 of 3rd period - Charlie Coyle wins face-off versus Cody Hodgson in Capitals zone.
14:51 of 3rd period - Slapshot by Pavel Buchnevich.
14:51 of 3rd period - Shot Misses the Net.
14:53 of 3rd period - Wrist shot by Erik Karlsson.
14:53 of 3rd period - Shot Misses the Net.
14:59 of 3rd period - Wrist shot by Charlie Coyle.
14:59 of 3rd period - Stopped by Cory Schneider without a rebound.
15:00 of 3rd period - Charlie Coyle wins face-off versus Cody Hodgson in Capitals zone.
15:11 of 3rd period - Wrist shot by Charlie Coyle.
15:11 of 3rd period - Shot Misses the Net.
15:13 of 3rd period - Wrist shot by Colten Teubert.
15:13 of 3rd period - Stopped by Cory Schneider without a rebound.
15:14 of 3rd period - Mikkel Boedker wins face-off versus Sergey Kalinin in Capitals zone.
15:15 of 3rd period - Slapshot by Patric Hornqvist.
15:15 of 3rd period - Shot Blocked by PK Subban.
15:25 of 3rd period - Slapshot by Jack Johnson.
15:25 of 3rd period - Stopped by Cory Schneider without a rebound.
15:26 of 3rd period - Bryan Little wins face-off versus Sergey Kalinin in Capitals zone.
16:15 of 3rd period - Snap shot by Mikkel Boedker.
16:15 of 3rd period - Stopped by Cory Schneider without a rebound.
16:16 of 3rd period - Vincent Trocheck wins face-off versus Cody Hodgson in Capitals zone.
16:19 of 3rd period - Backhand shot by Evgeny Dadonov.
16:19 of 3rd period - Shot Blocked by Mike Green.
16:28 of 3rd period - Minor Penalty to Vincent Trocheck for Goalie Interference.
16:29 of 3rd period - Charlie Coyle wins face-off versus Cody Hodgson in Avalanche zone.
16:41 of 3rd period - Wrist shot by Charlie Coyle.
16:41 of 3rd period - Deflect By Cody Hodgson.
16:41 of 3rd period - Shot Misses the Net.
16:41 of 3rd period - Puck is out of play.
16:42 of 3rd period - Cody Hodgson wins face-off versus Charlie Coyle in Capitals zone.
16:56 of 3rd period - Jack Johnson is hit by Cody Hodgson and loses puck.
17:10 of 3rd period - Backhand shot by Mike Green.
17:10 of 3rd period - Deflect By Patrick Kane.
17:10 of 3rd period - Shot Hit the Post.
17:10 of 3rd period - Puck is out of play.
17:11 of 3rd period - Luke Witkowski wins face-off versus Logan Couture in Avalanche zone.
18:28 of 3rd period - Penalty to Vincent Trocheck is over, Vincent Trocheck is back on ice.
18:48 of 3rd period - Wrist shot by Jared Spurgeon.
18:48 of 3rd period - Shot Blocked by Marc Staal.
19:42 of 3rd period - Cody Hodgson is hit by Pavel Buchnevich and loses puck.
Goals for this period are 2 for Capitals vs 0 for Avalanche.
Shots for this period are 10 for Capitals vs 12 for Avalanche.